 Dungeon Crawl Stone Soup version 0.23.2-33-g5129a83184 (webtiles) character file.

Game seed: 13687982568315462724

219281 troglodite the Omniscient (level 19, -8/149 HPs)
             Began as a Gnoll Skald on July 17, 2019.
             Was the Champion of Ashenzari.
             Mangled by an azure jelly (24 damage)
             ... created by the Royal Jelly
             ... on level 5 of the Pits of Slime.
             The game lasted 02:28:32 (38526 turns).

troglodite the Omniscient (Gnoll Skald)            Turns: 38526, Time: 02:28:33

Health: -8/149     AC: 16    Str: 16    XL:     19   Next: 14%
Magic:  26/32      EV: 14    Int: 23    God:    Ashenzari [******]
Gold:   932        SH: 14    Dex: 22    Spells: 22/44 levels left

rFire    + + .     SeeInvis +   H - +5 demon trident (elec) (curse)
rCold    . . .     Gourm    .   V - +0 shield {reflect} (curse)
rNeg     + + .     Faith    +   T - +7 plate armour of Bumec {rF++ Str+3} (curse)
rPois    .         Spirit   .   B - +2 helmet (curse)
rElec    +         Reflect  +   o - +2 cloak (curse)
rCorr    +         Harm     .   l - +0 pair of gloves of the Evil One {Regen+} (curse)
MR       +....     Clarity  +   Z - +0 pair of boots (curse)
Stlth    ..........             L - amulet "Joxuriel" {Faith *Drain rN++} (curse)
HPRegen  1.74/turn              r - ring of resist corrosion (curse)
MPRegen  0.23/turn              s - ring of the Devil's Team {rElec Str+4 Int+2 Dex+4 Stlth-} (curse)

@: corroded, regenerating
A: distributed training, fangs 1, molten scales 1, yellow scales 1, clever 1,
clumsy 1, low mp 1, weak 2, no potion heal 1, MP-powered wands, strong nose
}: 1/15 runes: barnacled
a: Curse Item, Scrying, Renounce Religion


You were on level 5 of the Pits of Slime.
You worshipped Ashenzari.
Ashenzari was exalted by your worship.
You were not hungry.

You visited 7 branches of the dungeon, and saw 32 of its levels.
You also visited: Ice Cave.

You collected 2274 gold pieces.
You spent 1342 gold pieces at shops.

Inventory:

Hand Weapons
 p - the +10 spear "Emiukhlaac" {pierce, rN+ Str-5 Dex+2}
   (You took it off a merfolk on level 4 of the Shoals)

   It inflicts extra damage upon your enemies.
   It affects your strength (-5).
   It affects your dexterity (+2).
   It protects you from negative energy.
 H - a cursed +5 demon trident of electrocution (weapon)
 O - a +4 vampiric demon trident
 S - a +3 scimitar of flaming
Armour
 l - the cursed +0 pair of gloves of the Evil One (worn) {Regen+}
   (You found it on level 6 of the Lair of Beasts)

   It increases your rate of regeneration.
   It has a curse placed upon it.
 o - a cursed +2 cloak (worn)
 B - a cursed +2 helmet (worn)
 T - the cursed +7 plate armour of Bumec (worn) {rF++ Str+3}
   (You acquired it on level 3 of the Lair of Beasts)

   It affects your strength (+3).
   It greatly protects you from fire.
   It has a curse placed upon it.
 V - a cursed +0 shield of reflection (worn)
 Z - a cursed +0 pair of boots (worn)
Jewellery
 a - an uncursed ring of positive energy
 r - a cursed ring of resist corrosion (left hand)
 s - the cursed ring of the Devil's Team (right hand) {rElec Str+4 Int+2 Dex+4 Stlth-}
   (You found it on level 1 of the Shoals)

   [ring of strength]

   It affects your strength (+4).
   It affects your intelligence (+2).
   It affects your dexterity (+4).
   It insulates you from electricity.
   It makes you less stealthy.
   It has a curse placed upon it.
 y - an uncursed ring of protection from magic
 L - the cursed amulet "Joxuriel" (around neck) {Faith *Drain rN++}
   (You found it on level 9 of the Dungeon)

   [amulet of faith]

   It allows you to gain divine favour quickly.
   It greatly protects you from negative energy.
   It causes draining when unequipped.
   It has a curse placed upon it.
 R - an uncursed ring of protection from cold
Wands
 u - a wand of flame (75)
 v - a wand of clouds (12)
 E - a wand of acid (8)
 G - a wand of paralysis (45)
 J - a wand of enslavement (6)
 K - a wand of iceblast (19)
 M - a wand of digging (5)
Scrolls
 c - 2 scrolls of remove curse
 e - 3 scrolls of silence
 g - 11 scrolls of teleportation
 h - 2 scrolls of blinking
 i - 5 scrolls of identify
 m - 6 scrolls of amnesia
 n - 14 scrolls of fog
 A - a scroll of magic mapping
 D - 4 scrolls of summoning
 X - a scroll of holy word
Potions
 b - 4 potions of invisibility
 f - 3 potions of haste
 j - 2 potions of mutation
 k - 6 potions of cancellation
 q - a potion of ambrosia
 t - 3 potions of resistance
 w - 4 potions of brilliance
 z - 7 potions of curing
 C - 2 potions of might
 F - 4 potions of flight
 I - 2 potions of agility
 N - 2 potions of lignification
 Q - a potion of magic
 U - 2 potions of berserk rage
 W - 4 potions of heal wounds
Comestibles
 d - 28 rations


   Skills:
 + Level 13.1 Fighting
 + Level 12.4 Short Blades
 + Level 12.4 Long Blades
 + Level 12.4 Axes
 + Level 12.4 Maces & Flails
 + Level 13.1(17.2) Polearms
 + Level 12.4 Staves
 + Level 12.4 Slings
 + Level 12.4 Bows
 + Level 12.4 Crossbows
 + Level 12.4 Throwing
 + Level 12.6(18.1) Armour
 + Level 13.1 Dodging
 + Level 12.4 Stealth
 + Level 12.4(15.1) Shields
 + Level 12.4 Unarmed Combat
 + Level 13.2 Spellcasting
 + Level 10.6(14.9) Conjurations
 + Level 10.6(14.9) Hexes
 + Level 11.8(16.0) Charms
 + Level 10.6(14.9) Summonings
 + Level 10.6(14.9) Necromancy
 + Level 10.6(14.9) Translocations
 + Level 10.6(14.9) Transmutations
 + Level 10.6(14.9) Fire Magic
 + Level 10.6(14.9) Ice Magic
 + Level 10.6(14.9) Air Magic
 + Level 10.6(14.9) Earth Magic
 + Level 10.6(14.9) Poison Magic
 + Level 13.4 Invocations
 + Level 12.4(16.5) Evocations


You had 22 spell levels left.
You knew the following spells:

 Your Spells              Type           Power        Failure   Level  Hunger
a - Infusion              Chrm           ####         1%          1    None
b - Spectral Weapon       Hex/Chrm       ######..     1%          3    None
c - Regeneration          Chrm/Necr      ######....   1%          3    None
d - Vampiric Draining     Necr           ######....   1%          3    None
e - Animate Dead          Necr           N/A          1%          4    None
f - Confuse               Hex            ######..     1%          3    None
g - Fireball              Conj/Fire      ######....   3%          5    ###....

Your spell library contained the following spells:

 Spells                   Type           Power        Failure   Level  Hunger
 Animate Skeleton         Necr           N/A          1%          1    None
 Apportation              Tloc           ######       1%          1    None
 Confusing Touch          Hex            ######       1%          1    None
 Corona                   Hex            ######.      1%          1    None
 Flame Tongue             Conj/Fire      #####        1%          1    None
 Pain                     Necr           ####         1%          1    None
 Summon Small Mammal      Summ           ####         1%          1    None
 Ensorcelled Hibernation  Hex/Ice        ######       1%          2    None
 Shroud of Golubria       Chrm/Tloc      ######....   1%          2    None
 Song of Slaying          Chrm           ######..     1%          2    None
 Throw Flame              Conj/Fire      ######       1%          2    None
 Conjure Flame            Conj/Fire      ######..     1%          3    None
 Dazzling Spray           Conj/Hex       ######       1%          3    None
 Inner Flame              Hex/Fire       ######..     1%          3    None
 Tukima's Dance           Hex            ######..     1%          3    None
 Sticky Flame             Conj/Fire      ######..     1%          4    None


Dungeon Overview and Level Annotations

Branches:
Dungeon (13/15)            Temple (1/1) D:5            Lair (6/6) D:9
 Shoals (4/4) Lair:2        Snake (1/4) Lair:3        Slime (5/5) Lair:5
    Orc (2/2) D:12            Elf (0/3) Orc:2
 Vaults: D:13-14

Altars:
Ashenzari
Cheibriados
Dithmenos
Elyvilon
Fedhas
Gozag
Hepliaklqana
Kikubaaqudgha
Makhleb
Nemelex Xobeh
Okawaru
Qazlal
Ru
Sif Muna
Trog
Uskayaw
Vehumet
Wu Jian
Xom
Yredelemnul
Zin
The Shining One
Beogh
Jiyva

Shops:
D:4 ?   D:5 *   Orc:2 !}([(   Shoals:1 (   Shoals:2 *   Shoals:4 }

Annotations:
Slime:5 Royal Jelly


Innate Abilities, Weirdness & Mutations

Your experience applies equally to all skills.
You have very sharp teeth.
Your uncanny sense of smell can sniff out nearby items.
You are partially covered in molten scales. (AC +2)
You are partially covered in yellow scales. (AC +2)
Your mind is acute. (Int +2)
You are clumsy. (Dex -2)
Your magical capacity is low. (-10% MP)
You are very weak. (Str -4)
Potions are less effective at restoring your health.
You expend magic power (3 MP) to strengthen your wands.


Message History

The death ooze is moderately damaged.
Your spectral weapon barely misses the death ooze.
You block the azure jelly's attack.
The azure jelly hits you but does no damage.
You block the azure jelly's attack. The azure jelly hits you.
Attack whom?
Press: ? - help, Dir - move target cursor, f/p - death ooze
Aim: a death ooze (moderately damaged)
You puncture the death ooze!
The death ooze is heavily damaged.
The azure jelly jiggles.
The azure jelly hits you! The azure jelly freezes you!!
* * * LOW HITPOINT WARNING * * *
The azure jelly hits you but does no damage.
You block the azure jelly's attack.
The azure jelly hits you but does no damage. x2
The azure jelly hits you.
* * * LOW HITPOINT WARNING * * *
The azure jelly freezes you!!
You die...

# #:()(##..##/:(!###.............
###%))=[##.#()$[!###.............
.###)))##..##$}}###..............
..###?$$#.##∆)!###...............
...###(##..#*$##.................
....######.#####.................
......#.##...##..................
................GJ(..............
................@J...............
.................J...............
.................................
.................................
.................................
.............^..................#
..............................#.#
.............................####
............................#.#


You could see 2 azure jellies, a great orb of eyes, a death ooze and a friendly
spectral +5 demon trident of electrocution.

Vanquished Creatures
  An Ice Fiend (IceCv)
  Rupert (Orc:1)
  Polyphemus (Shoals:2)
  2 krakens (Shoals:4)
  Gastronok (Lair:1)
  24 acid blobs
  Donald (Shoals:2)
  6 azure jellies
  An orc warlord (Orc:2)
  Louise (Shoals:4)
  The ghost of dvd the Grappler, a journeyman DrTm of Sif Muna (D:8)
  4 death oozes
  Snorg (D:12)
  The ghost of Fuxod the Fighter, a journeyman GnWn of Xom (Lair:2)
  7 merfolk impalers
  7 merfolk javelineers
  9 great orbs of eyes
  Josephine (D:12)
  4 catoblepae
  8 hydras
  8 merfolk avatars
  3 merfolk aquamancers
  3 alligator snapping turtles
  A two-headed ogre (D:10)
  15 death yaks
  Nergalle (Orc:1)
  11 sea snakes
  A glowing orange brain (Slime:2)
  A naga ritualist (Snake:1)
  19 harpies
  2 orc knights
  4 orc sorcerers (Orc:2)
  2 mana vipers (Snake:1)
  13 manticores
  10 shining eyes
  7 fauns
  22 elephants
  6 black mambas
  6 merfolk sirens
  A water nymph (Shoals:1)
  A naga mage (Snake:1)
  3 eyes of devastation
  Psyche (D:12)
  4 ice statues (IceCv)
  9 spiny frogs
  A gargoyle (D:12)
  2 rime drakes
  An anaconda simulacrum (IceCv)
  An efreet (D:12)
  10 ice devils (IceCv)
  9 komodo dragons
  4 harpy zombies (Shoals:1)
  3 trolls
  4 polar bears
  104 slime creatures
  A hornet (D:11)
  29 merfolk
  7 dream sheep (Lair:6)
  8 wind drakes
  17 blink frogs
  9 snapping turtles
  22 hippogriffs
  5 water elementals
  60 yaks
  3 spriggans (D:8)
  2 dire elephant simulacra (IceCv)
  3 wraiths (D:12)
  2 wyverns (Lair:4)
  A vampire (D:12)
  2 basilisks
  3 hogs (D:9)
  6 golden eyes
  A hungry ghost (D:7)
  A soldier ant (D:11)
  Menkaure (D:5)
  2 iron troll simulacra (IceCv)
  6 wargs
  2 harpy simulacra (IceCv)
  An acid dragon (D:12)
  11 water moccasins
  3 hydra simulacra (IceCv)
  7 porcupines
  A floating eye (Slime:5)
  40 orc warriors
  10 eyes of draining
  7 ice beasts
  4 sky beasts
  4 black bears (D:9)
  2 phantoms
  2 necrophages
  7 centaurs
  5 ogres
  18 wolves
  11 crocodiles
  A hippogriff zombie (Shoals:1)
  A big kobold (D:9)
  12 bullfrogs
  4 scorpions
  14 killer bees
  7 wights
  A howler monkey (D:5)
  5 crimson imps
  3 lava snakes (D:9)
  A hound (D:8)
  3 jellies
  19 orc priests
  4 bullfrog skeletons
  A centaur skeleton (D:8)
  3 iguanas
  Ijyb (D:4)
  7 worker ants
  25 orc wizards
  4 hell rats (Lair:6)
  A hound zombie (D:11)
  2 hound skeletons
  A worker ant zombie (D:10)
  12 adders
  5 shadow imps
  2 oozes
  3 worms
  2 dart slugs
  4 leopard geckos
  120 orcs
  11 bats
  2 bat zombies (D:4)
  7 giant cockroaches
  3 goblins
  5 hobgoblins
  12 jackals
  3 kobolds
  3 quokkas
  3 ball pythons
  2 frilled lizards
  A jackal zombie (D:3)
  3 quokka skeletons
  3 rats (D:1)
  2 rat zombies (D:4)
  A butterfly (Lair:3)
  4 plants
  11 tentacles (Shoals:4)
1045 creatures vanquished.

Vanquished Creatures (others)
  A troll (D:9)
  An orc warrior (D:9)
  2 ogres (D:9)
  A centaur (D:9)
  A big kobold (D:9)
  A scorpion (D:9)
  A wight (D:9)
  An iguana (D:9)
  An orc wizard (D:9)
  An adder (D:9)
  A leopard gecko (D:9)
  2 orcs (D:9)
  A quokka (D:9)
  12 fungi
  30 plants
  49 spectral weapons
  25 tentacles (Shoals:4)
131 creatures vanquished.

Grand Total: 1176 creatures vanquished

Notes
Turn   | Place    | Note
-------+----------+-------------------------------------------
     0 | D:1      | troglodite the Gnoll Skald began the quest for the Orb.
     0 | D:1      | Reached XP level 1. HP: 20/20 MP: 6/6
   169 | D:1      | Reached XP level 2. HP: 26/26 MP: 7/7
   655 | D:2      | Reached XP level 3. HP: 28/31 MP: 9/9
   797 | D:2      | Reached skill level 5 in Spellcasting
  1058 | D:2      | Learned a level 3 spell: Spectral Weapon
  1062 | D:2      | Learned a level 3 spell: Regeneration
  1253 | D:2      | Reached skill level 1 in Invocations
  1466 | D:2      | Reached skill level 1 in Short Blades
  1466 | D:2      | Reached skill level 1 in Long Blades
  1466 | D:2      | Reached skill level 1 in Axes
  1466 | D:2      | Reached skill level 1 in Maces & Flails
  1466 | D:2      | Reached skill level 1 in Staves
  1466 | D:2      | Reached skill level 1 in Slings
  1466 | D:2      | Reached skill level 1 in Bows
  1466 | D:2      | Reached skill level 1 in Crossbows
  1466 | D:2      | Reached skill level 1 in Throwing
  1466 | D:2      | Reached skill level 1 in Stealth
  1466 | D:2      | Reached skill level 1 in Shields
  1466 | D:2      | Reached skill level 1 in Unarmed Combat
  1466 | D:2      | Reached skill level 1 in Evocations
  1520 | D:3      | Reached XP level 4. HP: 16/38 MP: 7/11
  1900 | D:3      | Found an opulent altar of Gozag.
  2047 | D:3      | Reached skill level 1 in Conjurations
  2047 | D:3      | Reached skill level 1 in Hexes
  2047 | D:3      | Reached skill level 1 in Summonings
  2047 | D:3      | Reached skill level 1 in Necromancy
  2047 | D:3      | Reached skill level 1 in Translocations
  2047 | D:3      | Reached skill level 1 in Transmutations
  2047 | D:3      | Reached skill level 1 in Fire Magic
  2047 | D:3      | Reached skill level 1 in Ice Magic
  2047 | D:3      | Reached skill level 1 in Air Magic
  2047 | D:3      | Reached skill level 1 in Earth Magic
  2047 | D:3      | Reached skill level 1 in Poison Magic
  2232 | D:4      | Noticed Ijyb
  2245 | D:4      | Killed Ijyb
  2245 | D:4      | Reached XP level 5. HP: 43/43 MP: 12/12
  2686 | D:4      | Reached XP level 6. HP: 33/50 MP: 13/13
  2870 | D:4      | Noticed an ice beast
  2883 | D:4      | Reached skill level 5 in Fighting
  2883 | D:4      | Reached skill level 5 in Polearms
  2883 | D:4      | Reached skill level 5 in Dodging
  2923 | D:4      | Killed an ice beast
  2923 | D:4      | Reached XP level 7. HP: 24/56 MP: 7/15
  3326 | D:4      | Got a shimmering leather armour
  3343 | D:4      | Identified the +3 leather armour "Saale" {rPois Regen+}
                  | (You found it on level 4 of the Dungeon)
  3670 | D:4      | Found Enait's Magic Scroll Shoppe.
  3674 | D:4      | Bought a scroll of remove curse for 42 gold pieces
  3674 | D:4      | Bought a scroll of identify for 28 gold pieces
  3719 | D:4      | Found an ancient bone altar of Kikubaaqudgha.
  3798 | D:5      | Entered Level 5 of the Dungeon
  3856 | D:5      | Found a staircase to the Ecumenical Temple.
  3870 | Temple   | Entered the Ecumenical Temple
  4024 | D:5      | Noticed Menkaure
  4037 | D:5      | Killed Menkaure
  4075 | D:5      | Reached XP level 8. HP: 39/63 MP: 0/16
  4279 | D:5      | Found Kaifunen's Assorted Antiques.
  4397 | D:5      | Found a shattered altar of Ashenzari.
  4403 | D:5      | Became a worshipper of Ashenzari the Shackled
  5009 | D:6      | Noticed an eight-headed hydra
  5444 | D:6      | Found a bloodstained altar of Trog.
  5808 | D:7      | Reached * piety under Ashenzari
  5808 | D:7      | Noticed a hippogriff
  5821 | D:7      | Killed a hippogriff
  5890 | D:7      | Found an iron altar of Okawaru.
  5907 | D:7      | Identified the +2 ring mail of the Hidden Vale {rF+ Regen+
                  | Str+3 Dex+2}
  6109 | D:7      | Found a hazy altar of Hepliaklqana.
  6285 | D:7      | Reached XP level 9. HP: 61/69 MP: 18/18
  6324 | D:7      | Found a shadowy altar of Dithmenos.
  6870 | D:8      | Found a stormy altar of Qazlal.
  7208 | D:8      | Reached ** piety under Ashenzari
  7612 | D:8      | Reached skill level 5 in Armour
  7990 | D:8      | Found a runed translucent door.
  7992 | D:8      | Identified the cursed +2 trident of the Rattle-Snake {pain,
                  | rN+ Str+4 Int+2}
  7992 | D:8      | Noticed dvd's ghost (journeyman DrTm)
  7993 | D:8      | Noticed a polar bear
  8341 | D:8      | Reached skill level 5 in Invocations
  8360 | D:8      | Reached XP level 10. HP: 68/77 MP: 20/20
  9253 | D:8      | Reached skill level 5 in Short Blades
  9253 | D:8      | Reached skill level 5 in Long Blades
  9253 | D:8      | Reached skill level 5 in Axes
  9253 | D:8      | Reached skill level 5 in Maces & Flails
  9253 | D:8      | Reached skill level 5 in Staves
  9253 | D:8      | Reached skill level 5 in Slings
  9253 | D:8      | Reached skill level 5 in Bows
  9253 | D:8      | Reached skill level 5 in Crossbows
  9253 | D:8      | Reached skill level 5 in Throwing
  9253 | D:8      | Reached skill level 5 in Stealth
  9253 | D:8      | Reached skill level 5 in Shields
  9253 | D:8      | Reached skill level 5 in Unarmed Combat
  9253 | D:8      | Reached skill level 5 in Evocations
  9717 | D:9      | Found a huge runed translucent gate.
  9718 | D:9      | Found a huge runed translucent gate.
  9719 | D:9      | Found a huge runed translucent gate.
  9719 | D:9      | Noticed a manticore
  9720 | D:9      | Found a huge runed translucent gate.
  9861 | D:9      | Killed a manticore
  9965 | D:9      | Reached XP level 11. HP: 75/84 MP: 19/22
 10143 | D:9      | Found a shimmering altar of Xom.
 10212 | D:9      | Found an ornate altar of the Wu Jian Council.
 10219 | D:9      | Identified the amulet "Joxuriel" {Faith *Drain rN++}
 10318 | D:9      | Found a staircase to the Lair.
 10478 | D:9      | Noticed a manticore
 10488 | D:9      | Killed a manticore
 10639 | D:9      | Reached skill level 5 in Conjurations
 10639 | D:9      | Reached skill level 5 in Hexes
 10639 | D:9      | Reached skill level 5 in Summonings
 10639 | D:9      | Reached skill level 5 in Necromancy
 10639 | D:9      | Reached skill level 5 in Translocations
 10639 | D:9      | Reached skill level 5 in Transmutations
 10639 | D:9      | Reached skill level 5 in Fire Magic
 10639 | D:9      | Reached skill level 5 in Ice Magic
 10639 | D:9      | Reached skill level 5 in Air Magic
 10639 | D:9      | Reached skill level 5 in Earth Magic
 10639 | D:9      | Reached skill level 5 in Poison Magic
 10840 | D:10     | Entered Level 10 of the Dungeon
 11202 | D:10     | Noticed a two-headed ogre
 11223 | D:10     | Killed a two-headed ogre
 11805 | D:11     | Reached *** piety under Ashenzari
 12160 | D:11     | Reached XP level 12. HP: 93/93 MP: 22/24
 13523 | D:8      | Killed dvd's ghost
 13891 | D:12     | Reached **** piety under Ashenzari
 13981 | D:12     | Found a roughly hewn altar of Beogh.
 13985 | D:12     | Found a staircase to the Orcish Mines.
 14212 | D:12     | Noticed Josephine
 14215 | D:12     | Noticed Snorg
 14253 | D:12     | Killed Josephine
 14268 | D:12     | HP: 3/94 [Snorg (14)]
 14269 | D:12     | HP: 1/94 [Snorg (3)]
 14413 | D:12     | Killed Snorg
 14689 | D:12     | Noticed Psyche
 14701 | D:12     | Killed Psyche
 15371 | D:13     | Noticed a death knight
 15383 | D:13     | Paralysed by a hornet for 2 turns
 15740 | Orc:1    | Entered Level 1 of the Orcish Mines
 15955 | Orc:1    | Noticed Nergalle
 15981 | Orc:1    | Killed Nergalle
 16025 | Orc:1    | Found a roughly hewn altar of Beogh.
 16224 | Orc:2    | Entered Level 2 of the Orcish Mines
 16224 | Orc:2    | Found Daokoj's Distillery.
 16224 | Orc:2    | Noticed Rupert
 16246 | Orc:1    | Killed Rupert
 16246 | Orc:1    | Reached XP level 13. HP: 19/101 MP: 21/26
 16627 | Orc:2    | Found a roughly hewn altar of Beogh.
 16783 | Orc:2    | Found a roughly hewn altar of Beogh.
 16852 | Orc:2    | Found a roughly hewn altar of Beogh.
 16998 | Orc:2    | Found a roughly hewn altar of Beogh.
 17248 | Orc:2    | Found a roughly hewn altar of Beogh.
 17288 | Orc:2    | Found Yzaplolli's Antique Weapon Shoppe.
 17500 | Orc:2    | Found a roughly hewn altar of Beogh.
 17587 | Orc:1    | Reached ***** piety under Ashenzari
 17784 | Orc:2    | Found a staircase to the Elven Halls.
 17789 | Orc:2    | Found a roughly hewn altar of Beogh.
 17812 | Orc:2    | Found Feoff's Gadget Shoppe.
 18259 | Orc:2    | Noticed an orc warlord
 18288 | Orc:2    | Learned a level 3 spell: Vampiric Draining
 18293 | Orc:2    | Learned a level 4 spell: Animate Dead
 18297 | Orc:2    | Learned a level 3 spell: Confuse
 18373 | Orc:2    | Killed an orc warlord
 18405 | Orc:2    | Found Ytoa's Antique Weapon Shoppe.
 18406 | Orc:2    | Found a roughly hewn altar of Beogh.
 18413 | Orc:2    | Found Offowor's Antique Armour Emporium.
 18427 | Orc:2    | Bought an ancient ring mail for 261 gold pieces
 18427 | Orc:2    | Identified the +4 ring mail of Agoraphobia {rPois} (You
                  | bought it in a shop on level 2 of the Orcish Mines)
 18433 | Orc:2    | Bought a crystal trident for 255 gold pieces
 18433 | Orc:2    | Identified the +1 trident of Breach {chaos, SInv} (You
                  | bought it in a shop on level 2 of the Orcish Mines)
 18994 | Lair:1   | Entered Level 1 of the Lair of Beasts
 19020 | Lair:1   | Noticed Gastronok
 19032 | Lair:1   | Killed Gastronok
 20249 | Lair:2   | Reached skill level 10 in Spellcasting
 20354 | Lair:2   | Reached XP level 14. HP: 100/109 MP: 25/28
 20405 | Lair:2   | Found a staircase to the Shoals.
 20736 | Lair:2   | Reached skill level 10 in Fighting
 20736 | Lair:2   | Reached skill level 10 in Polearms
 20736 | Lair:2   | Reached skill level 10 in Dodging
 21536 | Lair:3   | Identified 3 scrolls of acquirement
 21540 | Lair:3   | Got the cursed pair of gloves of the Orcish Mines {+Fly rN+
                  | SInv}
 21546 | Lair:3   | Identified the cursed +2 pair of gloves of the Orcish Mines
                  | {+Fly rN+ SInv} (You acquired it on level 3 of the Lair of
                  | Beasts)
 21547 | Lair:3   | Identified the cursed +7 plate armour of Bumec {rF++ Str+3}
                  | (You acquired it on level 3 of the Lair of Beasts)
 21569 | Lair:3   | Reached ****** piety under Ashenzari
 21843 | Lair:3   | Noticed Fuxod's ghost (journeyman GnWn)
 21873 | Lair:3   | Found a runed translucent gate.
 21873 | Lair:3   | Found a runed translucent gate.
 21874 | Lair:3   | Found a runed translucent gate.
 21990 | Lair:2   | Killed Fuxod's ghost
 21990 | Lair:2   | Reached skill level 10 in Invocations
 22137 | Lair:3   | Found a staircase to the Snake Pit.
 22754 | Lair:4   | Learned a level 5 spell: Fireball
 23948 | Lair:5   | Found a viscous altar of Jiyva.
 23949 | Lair:5   | Found a staircase to the Slime Pits.
 24139 | Lair:5   | Reached XP level 15. HP: 117/117 MP: 29/29
 24480 | Lair:6   | Entered Level 6 of the Lair of Beasts
 24631 | Lair:6   | Reached skill level 10 in Armour
 25186 | Lair:6   | Reached skill level 10 in Charms
 25287 | Lair:6   | Reached skill level 10 in Short Blades
 25287 | Lair:6   | Reached skill level 10 in Long Blades
 25287 | Lair:6   | Reached skill level 10 in Axes
 25287 | Lair:6   | Reached skill level 10 in Maces & Flails
 25287 | Lair:6   | Reached skill level 10 in Staves
 25287 | Lair:6   | Reached skill level 10 in Slings
 25287 | Lair:6   | Reached skill level 10 in Bows
 25287 | Lair:6   | Reached skill level 10 in Crossbows
 25287 | Lair:6   | Reached skill level 10 in Throwing
 25287 | Lair:6   | Reached skill level 10 in Stealth
 25287 | Lair:6   | Reached skill level 10 in Shields
 25287 | Lair:6   | Reached skill level 10 in Unarmed Combat
 25287 | Lair:6   | Reached skill level 10 in Evocations
 25639 | Lair:6   | Identified the cursed +0 pair of gloves of the Evil One
                  | {Regen+}
 26144 | Shoals:1 | Entered Level 1 of the Shoals
 26197 | Shoals:1 | Found Nurghir's Weapon Shop.
 26232 | Shoals:1 | Identified the ring of the Devil's Team {rElec Str+4 Int+2
                  | Dex+4 Stlth-}
 26938 | Shoals:1 | Reached XP level 16. HP: 88/125 MP: 31/31
 27118 | Shoals:1 | Identified the +3 flail of Ebuqajung {freeze, rC+ MR+
                  | Stlth-}
 27429 | Shoals:2 | Found Vuruow's Assorted Antiques.
 27461 | Shoals:2 | Bought a potion of heal wounds for 135 gold pieces
 27461 | Shoals:2 | Bought a scroll of remove curse for 81 gold pieces
 27461 | Shoals:2 | Bought a potion of heal wounds for 135 gold pieces
 27686 | Shoals:2 | Noticed Polyphemus
 28060 | Shoals:2 | Killed Polyphemus
 28241 | Shoals:2 | Noticed Donald
 28482 | Shoals:2 | Killed Donald
 28795 | D:4      | Bought a scroll of enchant weapon for 105 gold pieces
 28795 | D:4      | Bought a scroll of enchant weapon for 105 gold pieces
 28862 | D:5      | Bought a scroll of enchant weapon for 195 gold pieces
 29399 | Shoals:3 | Found a frozen archway.
 29427 | IceCv    | Entered an ice cave
 29796 | IceCv    | Identified the cursed +0 robe of Xuwuec {rF++ Str-3 Int+8}
 29796 | IceCv    | Noticed an Ice Fiend
 29805 | IceCv    | Killed an Ice Fiend
 30777 | Shoals:4 | Entered Level 4 of the Shoals
 31081 | Shoals:4 | Reached XP level 17. HP: 129/133 MP: 29/33
 31235 | Shoals:4 | Noticed a kraken
 31897 | Shoals:4 | Killed a kraken
 31939 | Shoals:4 | Got a barnacled rune of Zot
 32021 | Shoals:4 | Noticed a kraken
 32047 | Shoals:4 | Identified the +10 spear "Emiukhlaac" {pierce, rN+ Str-5
                  | Dex+2}
 32059 | Shoals:4 | Killed a kraken
 32253 | Shoals:4 | Noticed Louise
 32272 | Shoals:4 | Killed Louise
 32394 | Shoals:4 | Found Hathaeb's Gadget Emporium.
 32554 | Shoals:4 | Identified the +10 mace "Gnoll's Doom" {freeze, rF+ Int+3}
 32908 | Snake:1  | Entered Level 1 of the Snake Pit
 33172 | Slime:1  | Entered Level 1 of the Pits of Slime
 33172 | Slime:1  | Noticed an acid blob
 33177 | Slime:1  | Killed an acid blob
 33192 | Slime:1  | Noticed an acid blob
 33201 | Slime:1  | Killed an acid blob
 33213 | Slime:1  | Noticed an acid blob
 33217 | Slime:1  | Noticed an acid blob
 33221 | Slime:1  | Killed an acid blob
 33228 | Slime:1  | Killed an acid blob
 33383 | Slime:1  | Noticed an acid blob
 33394 | Slime:1  | Killed an acid blob
 34151 | Slime:2  | Reached skill level 10 in Conjurations
 34151 | Slime:2  | Reached skill level 10 in Hexes
 34151 | Slime:2  | Reached skill level 10 in Summonings
 34151 | Slime:2  | Reached skill level 10 in Necromancy
 34151 | Slime:2  | Reached skill level 10 in Translocations
 34151 | Slime:2  | Reached skill level 10 in Transmutations
 34151 | Slime:2  | Reached skill level 10 in Fire Magic
 34151 | Slime:2  | Reached skill level 10 in Ice Magic
 34151 | Slime:2  | Reached skill level 10 in Air Magic
 34151 | Slime:2  | Reached skill level 10 in Earth Magic
 34151 | Slime:2  | Reached skill level 10 in Poison Magic
 34232 | Slime:2  | Gained mutation: You have a pair of small horns on your
                  | head. [a shining eye]
 34280 | Slime:2  | Reached XP level 18. HP: 141/141 MP: 31/34
 34358 | Slime:2  | Gained mutation: Your body sometimes deteriorates upon
                  | taking damage. [a shining eye]
 34446 | Slime:2  | Lost mutation: You have a pair of small horns on your head.
                  | [potion of mutation]
 34446 | Slime:2  | Lost mutation: Your body sometimes deteriorates upon taking
                  | damage. [potion of mutation]
 34446 | Slime:2  | Gained mutation: You are resistant to hostile enchantments.
                  | (MR+) [potion of mutation]
 34446 | Slime:2  | Gained mutation: You are partially covered in molten
                  | scales. (AC +2) [potion of mutation]
 34446 | Slime:2  | Gained mutation: You expend magic power (3 MP) to
                  | strengthen your wands. [potion of mutation]
 35701 | Slime:3  | Gained mutation: Your magical capacity is low. (-10% MP) [a
                  | shining eye]
 35703 | Slime:3  | Gained mutation: Your magical capacity is very low. (-20%
                  | MP) [a shining eye]
 36545 | Slime:4  | Gained mutation: Potions are less effective at restoring
                  | your health. [a shining eye]
 36551 | Slime:4  | Gained mutation: Your magical capacity is extremely low.
                  | (-30% MP) [a shining eye]
 36554 | Slime:4  | Gained mutation: You are frail. (-10% HP) [a shining eye]
 36595 | Slime:4  | Lost mutation: You are resistant to hostile enchantments.
                  | (MR+) [potion of mutation]
 36595 | Slime:4  | Lost mutation: Your magical capacity is extremely low.
                  | (-30% MP) [potion of mutation]
 36595 | Slime:4  | Gained mutation: You are weak. (Str -2) [potion of
                  | mutation]
 36595 | Slime:4  | Gained mutation: You are partially covered in yellow
                  | scales. (AC +2) [potion of mutation]
 36595 | Slime:4  | Gained mutation: Your spells are a little harder to cast,
                  | but a little more powerful. [potion of mutation]
 36596 | Slime:4  | Lost mutation: Your spells are a little harder to cast, but
                  | a little more powerful. [potion of mutation]
 36596 | Slime:4  | Lost mutation: You are frail. (-10% HP) [potion of
                  | mutation]
 36596 | Slime:4  | Lost mutation: Your magical capacity is very low. (-20% MP)
                  | [potion of mutation]
 36596 | Slime:4  | Lost mutation: Your magical capacity is low. (-10% MP)
                  | [potion of mutation]
 36596 | Slime:4  | Gained mutation: Your mind is acute. (Int +2) [potion of
                  | mutation]
 36851 | Slime:5  | Entered Level 5 of the Pits of Slime
 36897 | Slime:5  | Gained mutation: Your magical capacity is low. (-10% MP) [a
                  | shining eye]
 36990 | Slime:4  | Paralysed by a floating eye for 3 turns
 36994 | Slime:5  | Paralysed by a floating eye for 2 turns
 36998 | Slime:5  | Paralysed by a floating eye for 3 turns
 37459 | Slime:5  | Gained mutation: You are very weak. (Str -4) [a shining
                  | eye]
 37492 | Slime:5  | Reached XP level 19. HP: 126/149 MP: 32/32
 37640 | Slime:5  | Identified the +4 triple sword of Xavapoc {chaos, rF+ rC+
                  | Int+2 SInv Stlth-}
 37642 | Slime:5  | Noticed the Royal Jelly
 38100 | Slime:5  | Gained mutation: You are clumsy. (Dex -2) [a shining eye]
 38121 | Slime:5  | Found a viscous altar of Jiyva.
 38138 | Slime:5  | Identified the +6 dagger "Tamy Oci" {freeze, MR+}
 38139 | Slime:5  | Identified the +6 hand crossbow "Ucacvacs" {venom, Dex+3}
 38140 | Slime:5  | Identified the +7 flail "Guysupn" {freeze, rC+ MR- SInv}
 38147 | Slime:5  | Identified the +8 arbalest of Xegogius {penet, Int+5 SInv}
 38526 | Slime:5  | Mangled by an azure jelly

Skill      XL: |  1  2  3  4  5  6  7  8  9 10 11 12 13 14 15 16 17 18 |
---------------+-------------------------------------------------------+-----
Spellcasting   | 5 6 7 8 9 10 11 12 13 | 13.2
Invocations    | 1 2 3 4 5 6 7 8 9 10 11 12 13 | 13.4
Short Blades   | 1 2 3 4 5 6 7 8 9 10 11 12 | 12.4
Long Blades    | 1 2 3 4 5 6 7 8 9 10 11 12 | 12.4
Axes           | 1 2 3 4 5 6 7 8 9 10 11 12 | 12.4
Maces & Flails | 1 2 3 4 5 6 7 8 9 10 11 12 | 12.4
Staves         | 1 2 3 4 5 6 7 8 9 10 11 12 | 12.4
Slings         | 1 2 3 4 5 6 7 8 9 10 11 12 | 12.4
Bows           | 1 2 3 4 5 6 7 8 9 10 11 12 | 12.4
Crossbows      | 1 2 3 4 5 6 7 8 9 10 11 12 | 12.4
Throwing       | 1 2 3 4 5 6 7 8 9 10 11 12 | 12.4
Stealth        | 1 2 3 4 5 6 7 8 9 10 11 12 | 12.4
Shields        | 1 2 3 4 5 6 7 8 9 10 11 12 | 12.4
Unarmed Combat | 1 2 3 4 5 6 7 8 9 10 11 12 | 12.4
Evocations     | 1 2 3 4 5 6 7 8 9 10 11 12 | 12.4
Conjurations   | 1 2 3 4 5 6 7 8 9 10 | 10.6
Hexes          | 1 2 3 4 5 6 7 8 9 10 | 10.6
Summonings     | 1 2 3 4 5 6 7 8 9 10 | 10.6
Necromancy     | 1 2 3 4 5 6 7 8 9 10 | 10.6
Translocations | 1 2 3 4 5 6 7 8 9 10 | 10.6
Transmutations | 1 2 3 4 5 6 7 8 9 10 | 10.6
Fire Magic     | 1 2 3 4 5 6 7 8 9 10 | 10.6
Ice Magic      | 1 2 3 4 5 6 7 8 9 10 | 10.6
Air Magic      | 1 2 3 4 5 6 7 8 9 10 | 10.6
Earth Magic    | 1 2 3 4 5 6 7 8 9 10 | 10.6
Poison Magic   | 1 2 3 4 5 6 7 8 9 10 | 10.6
Armour         | 3 4 5 6 7 8 9 10 11 12 | 12.6
Fighting       | 5 6 7 8 9 10 11 12 13 | 13.1
Polearms       | 5 6 7 8 9 10 11 12 13 | 13.1
Dodging        | 5 6 7 8 9 10 11 12 13 | 13.1
Charms         | 6 7 8 9 10 11 | 11.8

Action                   |  1- 3 |  4- 6 |  7- 9 | 10-12 | 13-15 | 16-18 | 19-21 || total
-------------------------+-------+-------+-------+-------+-------+-------+-------++-------
Melee: Spear             |   164 |   181 |   842 |       |       |       |       ||  1187
       Bite              |    23 |    17 |   105 |   142 |   240 |   212 |    13 ||   752
       Unarmed           |       |     9 |       |       |       |       |       ||     9
       Punch             |       |     1 |     2 |       |       |       |       ||     3
       Trident           |       |       |    36 |   941 |  1499 |   169 |       ||  2645
       Demon trident     |       |       |       |       |       |  1090 |    73 ||  1163
       Headbutt          |       |       |       |       |       |    33 |       ||    33
 Cast: Spectral Weapon   |     2 |     5 |    26 |    53 |    52 |    78 |     4 ||   220
       Regeneration      |     1 |     6 |     4 |     7 |     5 |     4 |     1 ||    28
       Confuse           |       |       |       |       |     2 |       |       ||     2
       Fireball          |       |       |       |       |     4 |     3 |       ||     7
Invok: Curse Item        |       |       |     5 |     1 |     5 |     3 |       ||    14
  Use: Potion            |       |     2 |     1 |     2 |       |     3 |       ||     8
       Scroll            |       |       |    15 |    11 |    16 |     7 |     3 ||    52
 Stab: Sleeping          |       |     3 |     4 |    20 |    18 |       |       ||    45
       Confused          |       |     1 |       |       |     5 |       |       ||     6
       Distracted        |       |       |     5 |     5 |    15 |    36 |     2 ||    63
  Eat: Chunk             |     2 |     6 |    15 |    18 |    26 |    10 |       ||    77
       Ration            |       |       |     2 |     3 |     3 |     8 |     1 ||    17
Armor: Leather armour    |    21 |       |   180 |    79 |       |       |       ||   280
       Ring mail         |    30 |    58 |     5 |   100 |   110 |       |       ||   303
       Plate armour      |       |       |       |       |   166 |   438 |    22 ||   626
Dodge: Dodged            |   116 |    99 |   400 |   339 |   507 |   433 |    23 ||  1917
Block: Shield            |       |       |   222 |   397 |   686 |   606 |    28 ||  1939
       Reflection        |       |       |       |       |       |    35 |       ||    35
